 Dungeon Crawl Stone Soup version 0.15-a0-2130-g28e4b74 (webtiles) character file.

651 eagla the Vandal (level 7, -2/55 HPs)
             Began as a Minotaur Hunter on July 17, 2014.
             Killed by divine providence
             ... invoked by an orc priest
              (17 damage)
             ... on Level 4 of the Dungeon.
             The game lasted 00:48:19 (3664 turns).

eagla the Vandal (Minotaur Hunter)                  Turns: 3664, Time: 00:48:19

HP  -2/55        AC  8     Str 18      XL: 7   Next: 28%
MP   3/3         EV  8     Int  8      God:
Gold 174         SH  0     Dex 11      Spells:  0 memorised,  6 levels left

rFire  . . .     SeeInvis .     r - +2 hunting sling (velocity)
rCold  . . .     Clarity  .     q - +1 scale mail
rNeg   . . .     rCorr    .     (no shield)
rPois  .         rRot     .     (helmet restricted)
rElec  .         Spirit   .     (no cloak)
SustAb .         Warding  .     (no gloves)
rMut   .         Stasis   .     (no boots)
Gourm  .                        (no amulet)
MR     .....                    (no ring)
                                (no ring)

@: exhausted, slowed, very slow, not resistant to hostile enchantments,
extremely unstealthy
A: retaliatory headbutt, horns 2
a: no special abilities


You were on level 4 of the Dungeon.
You were not hungry.

You visited 1 branch of the dungeon, and saw 4 of its levels.

You collected 174 gold pieces.

Inventory:

Hand weapons
 a - a +0 short sword
 b - a +1 hand crossbow
 r - a +2 hunting sling of velocity (weapon)
 s - a +0 hunting sling
 x - a +0 whip
Missiles
 c - 45 bolts
 w - 51 stones (quivered)
Armour
 d - a +0 leather armour
 k - a +0 plate armour
 q - a +1 scale mail (worn)
Comestibles
 z - a meat ration
 C - 2 beef jerkies
 E - 2 bread rations
Scrolls
 g - 2 scrolls of recharging
 j - a scroll of enchant weapon {unknown}
 l - a scroll of identify
 n - a scroll of teleportation
 t - 2 scrolls of enchant armour
 B - a scroll of magic mapping
Jewellery
 f - a +4 ring of protection
Potions
 e - 2 potions of curing {unknown}
 h - 2 potions of cancellation
 i - a potion of lignification {unknown}
 m - a potion of cure mutation {unknown}
 o - a potion of heal wounds {unknown}
 p - a potion of haste {unknown}
 v - 2 potions of brilliance {unknown}


   Skills:
 + Level 2.2 Fighting
 + Level 6.3 Slings
 + Level 5.3 Crossbows
 + Level 4.0 Armour
 + Level 3.0 Dodging
 + Level 0.8 Stealth


You had 6 spell levels left.
You didn't know any spells.

Dungeon Overview and Level Annotations

Branches:
Dungeon (4/15)
 Temple: D:4-7

Altars:


Innate Abilities, Weirdness & Mutations

You reflexively headbutt those who attack you in melee.
You have a pair of horns on your head.


Message History

The worm is severely wounded.
Things that are here:
a flail; a ring mail; an orc skeleton Firing (i - inventory):
w - 51 stones (quivered)
Press: ? - help, Shift-Dir - straight line, f/p - worm
Aim: a worm (severely wounded)
You shoot a stone. The stone completely misses the worm.
Firing (i - inventory):
w - 50 stones (quivered)
Press: ? - help, Shift-Dir - straight line, f/p - worm
Aim: a worm (severely wounded)
You shoot a stone. The stone hits the worm.
You kill the worm!
You see here an orc corpse.
w - 51 stones (gained 2)
You see here a worm corpse.
An orc priest comes into view. It is wielding a war axe.
The orc priest shouts!
The orc priest mumbles some strange prayers to Beogh against you.
Something smites you!
You die...

#...# .# #...# #####.#
###...#######.##.(# ..
...........).#.#.####.....
.......(....###)..........
.............#))#.###.....
###...#######.#%..# .
#...# ####%## #...# #@#
#(..# #...(......# #...#
#.#(#..#...
#..%########.#(.....
#..........# ### .#.#
####.#.#####.# .# o
.....#.#####.# .
#####.....##.# #
#####........#


You could see an orc priest.

Vanquished Creatures
  A necrophage (D:4)
  A centaur (D:4)
  The ghost of eugo the Skirmisher, a weakling MiBe of Trog (D:3)
  4 vampire bats (D:3)
  2 orc priests (D:4)
  2 orc wizards
  A hound skeleton (D:4)
  6 adders
  A worm (D:4)
  2 giant geckos
  13 orcs
  3 ball pythons
  9 hobgoblins
  8 jackals
  7 kobolds
  13 bats
  4 giant cockroaches
  5 giant newts
  9 goblins
  2 quokkas (D:2)
  9 rats
103 creatures vanquished.

Notes
Turn   | Place    | Note
--------------------------------------------------------------
     0 | D:1      | eagla, the Minotaur Hunter, began the quest for the Orb.
     0 | D:1      | Reached XP level 1. HP: 16/16 MP: 1/1
   117 | D:1      | Reached XP level 2. HP: 20/23 MP: 1/1
   271 | D:1      | You fall through a shaft!
   278 | D:2      | Reached skill level 5 in Crossbows
   625 | D:2      | Reached XP level 3. HP: 28/28 MP: 2/2
  1177 | D:1      | Reached skill level 1 in Slings
  1676 | D:2      | Reached skill level 1 in Armour
  1676 | D:2      | Reached XP level 4. HP: 35/35 MP: 2/2
  2033 | D:3      | Noticed eugo's ghost (weakling MiBe)
  2049 | D:3      | Killed eugo's ghost
  2378 | D:3      | Reached XP level 5. HP: 40/40 MP: 2/2
  3140 | D:3      | Reached XP level 6. HP: 46/48 MP: 3/3
  3171 | D:3      | Reached skill level 5 in Slings
  3613 | D:4      | Reached skill level 6 in Slings
  3613 | D:4      | Reached XP level 7. HP: 28/55 MP: 3/3
  3664 | D:4      | Killed from afar by an orc priest

Action                   |  1- 3 |  4- 6 |  7- 9 || total
-------------------------+-------+-------+-------++-------
Melee: Hand crossbow     |     1 |       |       ||     1
       Hunting sling     |       |     5 |     2 ||     7
       Whip              |       |     1 |       ||     1
 Fire: Hand crossbow     |    63 |       |       ||    63
       Hunting sling     |    73 |   158 |    17 ||   248
  Use: Potion            |       |     2 |     1 ||     3
       Scroll            |       |    11 |       ||    11
  Eat: Bread ration      |     1 |       |       ||     1
       Meat ration       |       |     1 |       ||     1
